Map: Jagannatha LE

Players

Probe

  • Race: Protoss Protoss

MeomaikA - Winner!

  • Race: Zerg Zerg

Event: DreamHack SC2 Masters 2021 Fall

VOD

Have the link to the VOD?

Description

Time

  • Played on: July 31, 2021, 6:01 a.m.
  • Length: 10:27

All games in this series

Show
View Real Time Build Order
Export as new Build Order

Probe Protoss 

Build Orders: 1 Gate Expand 

Get SALT Encoding   

  12  0:00  Probe  
  13  0:12  Probe  
  14  0:20  Pylon  
  14  0:24  Probe  
  15  0:38  Probe (Chrono Boost)  
  15  0:41  Gateway  
  16  0:47  Probe (Chrono Boost)  
  17  0:52  Assimilator  
  17  0:53  Probe  
  18  1:05  Probe  
  19  1:18  Probe  
  20  1:30  Cybernetics Core  
  20  1:36  Nexus  
  20  1:40  Probe  
  21  1:47  Assimilator  
  21  1:52  Probe  
  22  1:56  Pylon  
  22  2:04  Probe  
  25  2:16  Probe  
  25  2:36  Adept  
  25  2:38  Pylon  
  25  2:48  Probe  
  26  3:03  Probe (Chrono Boost)  
  27  3:10  Pylon  
  27  3:11  Probe (Chrono Boost)  
  28  3:15  Probe (Chrono Boost)  
  28  3:16  Warp Gate  
  29  3:21  Probe (Chrono Boost)  
  29  3:23  Probe (Chrono Boost)  
  29  3:24  Adept  
  33  3:28  Probe (Chrono Boost)  
  33  3:30  Stargate, Probe (Chrono Boost)  
  35  3:40  Probe (Chrono Boost)  
  37  3:42  Probe (Chrono Boost)  
  37  3:45  Probe (Chrono Boost)  
  38  3:49  Shield Battery  
  38  3:54  Probe (Chrono Boost)  
  40  3:56  Probe (Chrono Boost)  
  41  4:03  Probe (Chrono Boost)  
  41  4:05  Void Ray (Chrono Boost), Probe (Chrono Boost)  
  42  4:10  Probe  
  42  4:11  Assimilator  
  42  4:12  Assimilator  
  42  4:14  Probe  
  48  4:20  Pylon  
  48  4:22  Probe  
  49  4:26  Probe  
  49  4:27  Gateway  
  49  4:28  Stargate  
  50  4:34  Pylon  
  50  4:35  Probe  
  52  4:38  Probe  
  52  4:42  Oracle (Chrono Boost)  
  55  4:47  Probe  
  55  4:50  Probe  
  57  5:02  Forge, Nexus  
  57  5:05  Void Ray (Chrono Boost)  
  57  5:06  Stalker  
  63  5:15  Probe  
  63  5:16  Probe  
  63  5:23  Pylon  
  63  5:25  Void Ray (Chrono Boost)  
  63  5:27  Probe  
  63  5:28  Probe  
  69  5:41  Pylon  
  69  5:42  Protoss Air Weapons Level 1 (Chrono Boost), Photon Cannon  
  69  5:45  Photon Cannon  
  69  5:48  Shield Battery  
  69  5:55  Photon Cannon  
  69  5:56  Shield Battery  
  69  6:03  Void Ray (Chrono Boost)  
  73  6:12  Zealot x2  
  73  6:14  Void Ray (Chrono Boost)  
  77  6:18  Probe  
  75  6:28  Robotics Facility, Probe  
  75  6:31  Probe  
  78  6:35  Shield Battery  
  82  6:40  Void Ray (Chrono Boost)  
  82  6:46  Pylon, Shield Battery  
  79  6:47  Shield Battery  
  79  6:49  Pylon  
  79  6:58  Void Ray  
  79  7:00  Pylon x2  
  79  7:02  Pylon  
  83  7:24  Nexus  
  83  7:25  Void Ray  
  83  7:29  Probe x2  
  81  7:31  Robotics Bay  
  81  7:33  Observer (Chrono Boost)  
  81  7:36  Sentry x2  
  94  7:48  Observer  
  94  7:49  Pylon  
  94  7:50  Pylon  
  95  8:02  Gateway  
  95  8:03  Gateway  
  95  8:05  Gateway  
  95  8:08  Zealot x2  
  103  8:13  Phoenix x2  
  103  8:15  Disruptor (Chrono Boost), Photon Cannon  
  103  8:17  Photon Cannon  
  102  8:28  Zealot  
  102  8:29  Zealot  
  102  8:33  Nexus  
  106  8:35  Pylon  
  106  8:43  Disruptor  
  106  8:44  Phoenix x2 (Chrono Boost)  
  113  8:51  Nexus  
  113  9:03  Pylon  
  113  9:04  Adept  
  113  9:07  Phoenix (Chrono Boost)  
  113  9:09  Pylon  
  119  9:16  Probe x2  
  121  9:28  Probe x2, Immortal  
  109  9:39  Zealot x2  
  109  9:40  Void Ray x2  
  109  9:42  Probe x2  
  119  9:58  Stalker  
  119  9:59  Stalker x3  
Show
View Real Time Build Order
Export as new Build Order

MeomaikA Zerg - Winner!

Build Orders: Pool First 

Get SALT Encoding   

  12  0:00  Drone  
  13  0:08  Drone  
  14  0:16  Overlord  
  14  0:25  Extractor, Drone  
  15  0:37  Spawning Pool  
  15  0:40  Drone  
  15  0:45  Drone  
  15  0:48  Drone  
  17  1:06  Drone  
  18  1:14  Hatchery  
  17  1:19  Extractor  
  17  1:23  Zergling x4  
  18  1:26  Zergling x2  
  19  1:33  Queen  
  19  1:37  Drone  
  22  1:48  Overlord  
  22  2:07  Drone  
  23  2:09  Queen, Drone  
  26  2:22  Drone  
  27  2:26  Drone  
  28  2:30  Metabolic Boost  
  28  2:31  Drone  
  29  2:37  Drone  
  29  2:40  Drone  
  29  2:41  Drone x2  
  33  2:44  Drone  
  33  2:47  Drone  
  35  2:54  Drone  
  35  2:58  Overlord  
  36  3:11  Hatchery  
  35  3:14  Drone  
  35  3:15  Overlord  
  36  3:21  Drone x3  
  36  3:22  Drone  
  36  3:25  Drone  
  41  3:31  Lair  
  41  3:34  Extractor  
  40  3:35  Drone  
  40  3:36  Drone  
  42  3:43  Queen  
  42  3:44  Extractor  
  45  3:48  Drone x2  
  45  3:54  Drone x3  
  48  3:57  Drone x2  
  50  4:05  Drone x2  
  50  4:06  Overlord  
  52  4:12  Overlord  
  52  4:22  Spore Crawler  
  51  4:25  Spore Crawler, Drone x2  
  51  4:28  Drone x2  
  51  4:30  Queen, Hydralisk Den  
  55  4:32  Drone  
  55  4:33  Drone  
  55  4:36  Drone x2  
  60  4:38  Drone  
  60  4:41  Overlord  
  60  4:44  Overlord  
  60  4:50  Overseer  
  60  4:53  Overlord  
  60  4:59  Hydralisk x2  
  60  5:00  Muscular Augments, Hydralisk  
  60  5:04  Hydralisk  
  68  5:07  Hydralisk  
  68  5:08  Hydralisk  
  68  5:10  Zergling x2  
  68  5:11  Zergling x2  
  68  5:13  Zergling x2  
  68  5:14  Zergling x2  
  75  5:15  Zergling x2  
  75  5:17  Zergling x2  
  75  5:18  Zergling x2  
  75  5:19  Zergling x2  
  75  5:20  Zergling x2  
  78  5:22  Zergling x2  
  78  5:23  Zergling x2  
  78  5:24  Zergling x2  
  78  5:26  Zergling x2  
  78  5:27  Zergling x2  
  83  5:29  Zergling x4  
  83  5:31  Zergling x4  
  87  5:39  Zergling x4  
  89  5:44  Overlord  
  89  5:54  Queen, Lurker Den  
  89  5:57  Overlord  
  89  6:01  Queen  
  89  6:02  Hydralisk  
  89  6:03  Hydralisk x2  
  97  6:04  Zergling x2  
  97  6:11  Grooved Spines  
  97  6:16  Zergling x2  
  97  6:17  Zergling x4  
  97  6:18  Zergling x4  
  97  6:19  Zergling x6  
  97  6:20  Zergling x6  
  97  6:21  Zergling x2  
  97  6:22  Zergling x2  
  97  6:25  Hydralisk x3  
  106  6:37  Overlord  
  106  6:38  Overlord  
  106  6:40  Overlord  
  106  6:52  Extractor x2  
  102  6:54  Spire  
  102  6:56  Drone x3  
  102  6:57  Drone x3  
  102  6:59  Drone  
  108  7:04  Drone  
  108  7:05  Drone  
  110  7:11  Drone x3  
  110  7:12  Drone  
  110  7:15  Drone, Hatchery  
  111  7:28  Drone x4  
  115  7:30  Drone  
  115  7:32  Overlord  
  116  7:40  Drone x7  
  116  7:42  Overlord  
  123  7:48  Overlord  
  121  8:09  Drone x3  
  121  8:10  Drone, Overlord x2  
  125  8:15  Zerg Flyer Weapons Level 1  
  115  8:32  Spore Crawler  
  114  8:37  Corruptor x12  
  114  8:38  Corruptor  
  140  8:44  Corruptor  
  142  8:52  Extractor  
  142  8:55  Drone x3  
  143  8:57  Hydralisk x3  
  143  9:00  Zergling x16  
  155  9:04  Zergling x2  
  156  9:10  Queen  
  156  9:11  Drone x3  
  156  9:12  Extractor  
  145  9:38  Hydralisk x3  
  145  9:39  Hydralisk x2  
  145  9:40  Hydralisk x3  
  145  9:41  Hydralisk x5  
  145  9:42  Zergling x8  
  163  10:02  Hydralisk x7  
  163  10:03  Zergling x2  
  174  10:07  Zergling x4  

Tags
 
Add a new tag
Caveats
  • Supply blocks, unpowered buildings, or Contaminate may cause inaccurate times.
  • Supply counts are checked every 10 seconds.